3L
PITTSBURGH KINGFISHERS @ ATHLETIC CLUB KC
07/30/2042
 
TOP OF THE 1ST
Pittsburgh Kingfishers batting - Pitching for Athletic Club KC : RHP Alton Westrich
Pitching: RHP Alton Westrich
Batting: LHB Rafael Abasto 0-0: Ball
1-0: DOUBLE (Flyball, 8LXD, EV 94.4 MPH)
Batting: LHB Danny Trautmann 0-0: Ball
1-0: Called Strike
1-1: Ground out U3 (Groundball, 34, EV 86.2 MPH)
Rafael Abasto to third
Batting: RHB Junior Young 0-0: Ball
1-0: Fly out, F8 (Flyball, 8RD, EV 98.1 MPH)
Batting: LHB Naganori Inoue 0-0: Called Strike
0-1: Foul Ball, location: 2F
0-2: SINGLE (Groundball, 56D, EV 106.2 MPH)
Rafael Abasto scores
Batting: SHB Hong-bo Zhui 0-0: Ball
1-0: Foul Ball, location: 2F
1-1: Foul Ball, location: 2F
1-2: Strikes out swinging, 2-3 out at first.
Top of the 1st over - 1 run, 2 hits, 0 errors, 1 left on base; Pittsburgh 1 - Athletic Club KC 0
BOTTOM OF THE 1ST
Athletic Club KC batting - Pitching for Pittsburgh Kingfishers : RHP Sjoerd Reynoud
Pitching: RHP Sjoerd Reynoud
Batting: RHB Ali Ben Bongo 0-0: Called Strike
0-1: Ball
1-1: Ground out 6-3 (Groundball, 6, EV 110.0 MPH)
Batting: LHB Rafael Padilla 0-0: Fly out, F7 (Line Drive, 78M, EV 103.8 MPH)
Batting: RHB Jimbob Ghostkeeper 0-0: Ball
1-0: Foul Ball, location: 2F
1-1: Ball
2-1: Ball
3-1: Foul Ball, location: 2F
3-2: Fly out, F9 (Flyball, 9LM, EV 92.5 MPH)
Bottom of the 1st over - 0 runs, 0 hits, 0 errors, 0 left on base; Pittsburgh 1 - Athletic Club KC 0
TOP OF THE 2ND
Pittsburgh Kingfishers batting - Pitching for Athletic Club KC : RHP Alton Westrich
Batting: SHB Yeow-whye Zhu 0-0: Swinging Strike
0-1: Swinging Strike
0-2: Ball
1-2: Ball
2-2: Foul Ball, location: 2F
2-2: Strikes out swinging
Batting: RHB Li-ren Ku 0-0: Called Strike
0-1: Fly out, F8 (Flyball, 89S, EV 91.9 MPH)
Batting: RHB Loring Rommel 0-0: Called Strike
0-1: Foul Ball, location: 2F
0-2: Fly out, F9 (Flyball, 89M, EV 89.4 MPH)
Top of the 2nd over - 0 runs, 0 hits, 0 errors, 0 left on base; Pittsburgh 1 - Athletic Club KC 0
BOTTOM OF THE 2ND
Athletic Club KC batting - Pitching for Pittsburgh Kingfishers : RHP Sjoerd Reynoud
Batting: LHB Cisco Hernández 0-0: Ball
1-0: Foul Ball, location: 2F
1-1: Called Strike
1-2: Foul Ball, location: 2F
1-2: Foul Ball, location: 2F
1-2: Ball
2-2: SINGLE (Line Drive, 89M, EV 109.4 MPH)
Batting: SHB Mike Ríos 0-0: Ball
1-0: Called Strike
1-1: Ball
2-1: Foul Ball, location: 2F
2-2: Ball
3-2: Fly out, F8 (Flyball, 78D, EV 105.0 MPH)
Batting: RHB James Hemwick 0-0: Called Strike
0-1: Swinging Strike
0-2: Ball
1-2: Strikes out looking
Batting: RHB Gerold Olthof 0-0: Ball
1-0: Called Strike
1-1: Ball
2-1: Ball
3-1: Fly out, F8 (Flyball, 8LM, EV 92.5 MPH)
Bottom of the 2nd over - 0 runs, 1 hit, 0 errors, 1 left on base; Pittsburgh 1 - Athletic Club KC 0
TOP OF THE 3RD
Pittsburgh Kingfishers batting - Pitching for Athletic Club KC : RHP Alton Westrich
Batting: RHB Kjartan Einarsson 0-0: Called Strike
0-1: Fly out, F8 (Flyball, 8LS, EV 91.2 MPH)
Batting: LHB Rafael Abasto 0-0: Called Strike
0-1: Ball
1-1: Ball
2-1: Fly out, F9 (Flyball, 9S, EV 81.9 MPH)
Batting: LHB Danny Trautmann 0-0: Ball
1-0: Ground out 4-3 (Groundball, 4, EV 85.6 MPH)
Top of the 3rd over - 0 runs, 0 hits, 0 errors, 0 left on base; Pittsburgh 1 - Athletic Club KC 0
BOTTOM OF THE 3RD
Athletic Club KC batting - Pitching for Pittsburgh Kingfishers : RHP Sjoerd Reynoud
Batting: RHB Scott Dourque 0-0: Ball
1-0: Swinging Strike
1-1: Ball
2-1: Foul Ball, location: 2F
2-2: Fly out, F8 (Flyball, 78M, EV 85.0 MPH)
Batting: RHB Karel van Capelle 0-0: Ball
1-0: Ground out 5-3 (Groundball, 5, EV 86.2 MPH)
Batting: RHB Ali Ben Bongo 0-0: Ground out 6-3 (Groundball, 6, EV 80.0 MPH)
Bottom of the 3rd over - 0 runs, 0 hits, 0 errors, 0 left on base; Pittsburgh 1 - Athletic Club KC 0
TOP OF THE 4TH
Pittsburgh Kingfishers batting - Pitching for Athletic Club KC : RHP Alton Westrich
Batting: RHB Junior Young 0-0: Fly out, F9 (Flyball, 9, EV 89.4 MPH)
Batting: LHB Naganori Inoue 0-0: Foul Ball, location: 2F
0-1: Ball
1-1: Fly out, F6 (Line Drive, 6, EV 65.0 MPH)
Batting: SHB Hong-bo Zhui 0-0: Called Strike
0-1: Foul Ball, location: 2F
0-2: Hit by Pitch
Batting: SHB Yeow-whye Zhu 0-0: Foul Ball, location: 2F
0-1: Ball
1-1: Fielders Choice at 2nd, 6-4 (Groundball, 4M, EV 99.4 MPH)
Top of the 4th over - 0 runs, 0 hits, 0 errors, 1 left on base; Pittsburgh 1 - Athletic Club KC 0
BOTTOM OF THE 4TH
Athletic Club KC batting - Pitching for Pittsburgh Kingfishers : RHP Sjoerd Reynoud
Batting: LHB Rafael Padilla 0-0: Called Strike
0-1: Foul Ball, location: 2F
0-2: Foul Ball, location: 2F
0-2: Foul Ball, location: 2F
0-2: Ball
1-2: Ball
2-2: TRIPLE (Flyball, 89XD, EV 105.6 MPH)
Batting: RHB Jimbob Ghostkeeper 0-0: Called Strike
0-1: Ground out 4-3 (Groundball, 4, EV 81.2 MPH)
Rafael Padilla scores
Batting: LHB Cisco Hernández 0-0: Ball
1-0: Ball
2-0: Ball
3-0: Base on Balls
Batting: SHB Mike Ríos 0-0: Called Strike
0-1: Swinging Strike
0-2: Ball
1-2: Strikes out swinging
Batting: RHB James Hemwick 0-0: Foul Ball, location: 2F
0-1: Ball
1-1: Fly out, F5 (Line Drive, 5, EV 71.2 MPH)
Bottom of the 4th over - 1 run, 1 hit, 0 errors, 1 left on base; Pittsburgh 1 - Athletic Club KC 1
TOP OF THE 5TH
Pittsburgh Kingfishers batting - Pitching for Athletic Club KC : RHP Alton Westrich
Batting: RHB Li-ren Ku 0-0: Called Strike
0-1: Fly out, F7 (Flyball, 7LM, EV 87.5 MPH)
Batting: RHB Loring Rommel 0-0: Ball
1-0: Called Strike
1-1: Ball
2-1: Ball
3-1: Foul Ball, location: 2F
3-2: Foul Ball, location: 2F
3-2: Foul Ball, location: 2F
3-2: Base on Balls
Batting: RHB Kjartan Einarsson 0-0: Ball
1-0: SINGLE (Groundball, 34D, EV 110.6 MPH)
Loring Rommel to second
Runner from 2nd tries for 3rd, SAFE, no throw by RF
Batting: LHB Rafael Abasto 0-0: Called Strike
0-1: Ball
1-1: Swinging Strike
1-2: Ball
2-2: Foul Ball, location: 2F
2-2: Strikes out swinging
Batting: LHB Danny Trautmann 0-0: Foul Ball, location: 2F
0-1: Called Strike
0-2: SINGLE (Line Drive, 34D, EV 98.8 MPH)
Loring Rommel scores
Kjartan Einarsson to second
Runner from 2nd tries for 3rd, SAFE, no throw by RF
Batting: RHB Junior Young 0-0: Swinging Strike
0-1: Ball
1-1: Ball
2-1: Ground out U3 (Groundball, 34, EV 83.8 MPH)
Top of the 5th over - 1 run, 2 hits, 0 errors, 2 left on base; Pittsburgh 2 - Athletic Club KC 1
BOTTOM OF THE 5TH
Athletic Club KC batting - Pitching for Pittsburgh Kingfishers : RHP Sjoerd Reynoud
Batting: RHB Gerold Olthof 0-0: Called Strike
0-1: Ball
1-1: Called Strike
1-2: Foul Ball, location: 2F
1-2: Ball
2-2: Foul Ball, location: 2F
2-2: Foul Ball, location: 2F
2-2: Strikes out swinging
Batting: RHB Scott Dourque 0-0: Called Strike
0-1: Swinging Strike
0-2: Strikes out swinging
Batting: RHB Karel van Capelle 0-0: Ground out 6-3 (Groundball, 6, EV 101.9 MPH)
Bottom of the 5th over - 0 runs, 0 hits, 0 errors, 0 left on base; Pittsburgh 2 - Athletic Club KC 1
TOP OF THE 6TH
Pittsburgh Kingfishers batting - Pitching for Athletic Club KC : RHP Alton Westrich
Batting: LHB Naganori Inoue 0-0: Fly out, F6 (Popup, 6S, EV 77.5 MPH)
Batting: SHB Hong-bo Zhui 0-0: Swinging Strike
0-1: Swinging Strike
0-2: Strikes out swinging
Batting: SHB Yeow-whye Zhu 0-0: Called Strike
0-1: Swinging Strike
0-2: Foul Ball, location: 2F
0-2: Strikes out swinging
Top of the 6th over - 0 runs, 0 hits, 0 errors, 0 left on base; Pittsburgh 2 - Athletic Club KC 1
BOTTOM OF THE 6TH
Athletic Club KC batting - Pitching for Pittsburgh Kingfishers : RHP Sjoerd Reynoud
Batting: RHB Ali Ben Bongo 0-0: Called Strike
0-1: Ground out 1-3 (Groundball, P, EV 91.2 MPH)
Batting: LHB Rafael Padilla 0-0: Ball
1-0: Ball
2-0: Swinging Strike
2-1: Foul Ball, location: 2F
2-2: SINGLE (Groundball, 4MD, EV 103.1 MPH)
Batting: RHB Jimbob Ghostkeeper 0-0: Fly out, F8 (Flyball, 89D, EV 103.8 MPH)
Batting: LHB Cisco Hernández 0-0: Ball
Rafael Padilla is caught stealing 2nd base 2-6
Bottom of the 6th over - 0 runs, 1 hit, 0 errors, 0 left on base; Pittsburgh 2 - Athletic Club KC 1
TOP OF THE 7TH
Pittsburgh Kingfishers batting - Pitching for Athletic Club KC : RHP Alton Westrich
Batting: RHB Li-ren Ku 0-0: Fly out, F9 (Flyball, 89M, EV 85.0 MPH)
Batting: RHB Loring Rommel 0-0: Called Strike
0-1: Called Strike
0-2: Strikes out swinging
Batting: RHB Kjartan Einarsson 0-0: Ball
1-0: Foul Ball, location: 2F
1-1: Ground out 6-3 (Groundball, 6, EV 105.6 MPH)
Top of the 7th over - 0 runs, 0 hits, 0 errors, 0 left on base; Pittsburgh 2 - Athletic Club KC 1
BOTTOM OF THE 7TH
Athletic Club KC batting - Pitching for Pittsburgh Kingfishers : RHP Sjoerd Reynoud
Batting: LHB Cisco Hernández 0-0: Ball
1-0: Called Strike
1-1: SINGLE (Line Drive, 56D, EV 97.5 MPH)
Batting: SHB Mike Ríos 0-0: Called Strike
0-1: Ball
1-1: Foul Ball, location: 2F
1-2: SINGLE (Groundball, 4D, EV 103.1 MPH)
Cisco Hernández to second
Runner from 2nd tries for 3rd, OUT! 8-5
Pitching: LHP Joe Khokar
Batting: RHB James Hemwick 0-0: Ball
1-0: Ball
2-0: Grounds into double play, 6-4-3 (Groundball, 6, EV 85.6 MPH)
Bottom of the 7th over - 0 runs, 2 hits, 0 errors, 0 left on base; Pittsburgh 2 - Athletic Club KC 1
TOP OF THE 8TH
Pittsburgh Kingfishers batting - Pitching for Athletic Club KC : RHP Alton Westrich
Pitching: RHP Bob Christison
Batting: LHB Rafael Abasto 0-0: Ball
1-0: Ground out 4-3 (Groundball, 4, EV 98.8 MPH)
Batting: LHB Danny Trautmann 0-0: Foul Ball, location: 2F
0-1: SINGLE (Line Drive, 9S, EV 105.0 MPH)
Batting: RHB Junior Young 0-0: Ball
1-0: Grounds into double play, 1-4-3 (Groundball, P, EV 81.2 MPH)
Top of the 8th over - 0 runs, 1 hit, 0 errors, 0 left on base; Pittsburgh 2 - Athletic Club KC 1
BOTTOM OF THE 8TH
Athletic Club KC batting - Pitching for Pittsburgh Kingfishers : LHP Joe Khokar
Batting: RHB Gerold Olthof 0-0: Ball
1-0: Swinging Strike
1-1: Foul Ball, location: 2F
1-2: Ball
2-2: Strikes out swinging
Batting: RHB Scott Dourque 0-0: Called Strike
0-1: Foul Ball, location: 2F
0-2: Strikes out looking
Batting: RHB Karel van Capelle 0-0: Called Strike
0-1: Ball
1-1: Called Strike
1-2: Foul Ball, location: 2F
1-2: Ball
2-2: Foul Ball, location: 2F
2-2: Strikes out swinging
Bottom of the 8th over - 0 runs, 0 hits, 0 errors, 0 left on base; Pittsburgh 2 - Athletic Club KC 1
TOP OF THE 9TH
Pittsburgh Kingfishers batting - Pitching for Athletic Club KC : RHP Bob Christison
Batting: LHB Naganori Inoue 0-0: SINGLE (Line Drive, 8LS, EV 91.2 MPH)
Batting: SHB Hong-bo Zhui 0-0: Swinging Strike
0-1: Fly out, F8 (Flyball, 8LM, EV 88.8 MPH)
Batting: SHB Yeow-whye Zhu 0-0: Ball
1-0: Called Strike
1-1: Fly out, F7 (Flyball, 7, EV 83.1 MPH)
Batting: RHB Li-ren Ku 0-0: Called Strike
0-1: Called Strike
0-2: Strikes out looking
Top of the 9th over - 0 runs, 1 hit, 0 errors, 1 left on base; Pittsburgh 2 - Athletic Club KC 1
BOTTOM OF THE 9TH
Athletic Club KC batting - Pitching for Pittsburgh Kingfishers : LHP Joe Khokar
Now at 1B: Adam Smith
Batting: RHB Ali Ben Bongo 0-0: Ball
1-0: Called Strike
1-1: Foul Ball, location: 2F
1-2: Ball
2-2: Ball
3-2: Foul Ball, location: 2F
3-2: Foul Ball, location: 2F
3-2: DOUBLE (Flyball, 8LXD, EV 93.1 MPH)
Pinch Hitting: RHB Fortunato Rasquinha 0-0: Ball
1-0: Foul Ball, location: 2F
1-1: Ball
2-1: Called Strike
2-2: Ball
3-2: Foul Ball, location: 2F
3-2: Foul Ball, location: 2F
3-2: Strikes out swinging
Pitching: RHP Pierre Delecto
Batting: RHB Jimbob Ghostkeeper 0-0: Ball
1-0: Foul Ball, location: 2F
1-1: Ball
2-1: Ground out 1-3 (Groundball, P, EV 63.1 MPH)
Ali Ben Bongo to third
Batting: LHB Cisco Hernández 0-0: Ball
1-0: Ball
2-0: Swinging Strike
2-1: Ground out 4-3 (Groundball, 4, EV 85.0 MPH)
Bottom of the 9th over - 0 runs, 1 hit, 0 errors, 1 left on base; Pittsburgh 2 - Athletic Club KC 1
Friday, March 26th, 2021 - OOTP Baseball 20.8 Build 74